 Dungeon Crawl Stone Soup version 0.22-b1-26-g9dbaab1 (webtiles) character file.

4121 zishaf the Protected (level 10, -3/82 HPs)
             Began as a Formicid Fighter on Aug 8, 2018.
             Was a Believer of Yredelemnul.
             Killed by nerve-wracking pain
             ... invoked by an orc priest
              (14 damage)
             ... on level 9 of the Dungeon.
             The game lasted 00:24:44 (7145 turns).

zishaf the Protected (Formicid Fighter)             Turns: 7145, Time: 00:24:44

Health: -3/82      AC: 12    Str: 23    XL:     10   Next: 51%
Magic:  12/12      EV:  9    Int:  8    God:    Yredelemnul [**....]
Gold:   535        SH: 11    Dex: 11    Spells: 9/9 levels left

rFire    + + .     SeeInvis +   I - +2 falchion (slice)
rCold    x . .     Gourm    .   c - +0 shield
rNeg     . . .     Faith    .   C - +0 fire dragon scales
rPois    .         Spirit   .   (helmet unavailable)
rElec    .         Reflect  .   (no cloak)
rCorr    .         Harm     .   (no gloves)
MR       +....                  (no boots)
Stlth    ..........             s - amulet of regeneration
HPRegen  0.63/turn              (no ring)
MPRegen  0.13/turn              (no ring)

@: no status effects
A: permanent stasis, dig shafts and tunnels, four strong arms, antennae 3
a: Dig, Shaft Self, Animate Remains, Recall Undead Slaves, Injury Mirror,
Renounce Religion


You were on level 9 of the Dungeon.
You worshipped Yredelemnul.
Yredelemnul was pleased with you.
You were not hungry.

You visited 2 branches of the dungeon, and saw 10 of its levels.
You also visited: Ossuary.

You collected 535 gold pieces.

Inventory:

Hand Weapons
 a - a +0 war axe
 I - a +2 falchion of slicing (weapon)
 J - a +0 vampiric demon blade
Armour
 c - a +0 shield (worn)
 v - a +0 plate armour
 x - a +3 scale mail
 C - +0 fire dragon scales (worn)
Jewellery
 d - an uncursed ring of resist corrosion {unknown}
 s - an amulet of regeneration (around neck)
Wands
 b - a wand of random effects (44)
 y - a wand of digging (8)
 B - a wand of iceblast (12)
Scrolls
 e - 4 scrolls of noise {unknown}
 h - 5 scrolls of remove curse {unknown}
 k - a scroll of immolation {unknown}
 l - 8 scrolls of teleportation {unknown}
 m - 2 scrolls of fear {unknown}
 n - a scroll of fog {unknown}
 p - 8 scrolls of identify {unknown}
 q - 2 scrolls of blinking {unknown}
 r - 3 scrolls of magic mapping {unknown}
 t - 2 scrolls of enchant weapon {unknown}
 u - a scroll of enchant armour {unknown}
 F - a scroll of random uselessness {unknown}
Potions
 g - 3 potions of degeneration {unknown}
 i - 2 potions of brilliance {unknown}
 j - 5 potions of curing
 o - a potion of ambrosia {unknown}
 w - 2 potions of berserk rage {unknown}
 z - 4 potions of invisibility
 A - a potion of haste {unknown}
 D - a potion of mutation {unknown}
 E - 2 potions of heal wounds {unknown}
 H - a potion of lignification {unknown}
Comestibles
 f - 16 rations
 G - a chunk of flesh


   Skills:
 + Level 8.4 Fighting
 * Level 3.3 Long Blades
 - Level 2.0 Axes
 + Level 11.1 Armour
 - Level 9.0 Shields
 * Level 2.8 Invocations


You had 9 spell levels left.
You didn't know any spells.
Your spell library contained the following spells:

 Spells                   Type           Power        Failure   Level  Hunger
 Summon Small Mammal      Summ           #...         71%         1    ##.....
 Summon Ice Beast         Ice/Summ       #.......     100%        4    #####..
 Call Imp                 Summ           #.......     85%         2    ###....
 Stone Arrow              Conj/Erth      #.....       97%         3    ####...
 Passwall                 Tmut/Erth      #.......     85%         2    ###....
 Call Canine Familiar     Summ           #.......     97%         3    ####...
 Lee's Rapid Deconstruct  Erth           #.........   100%        5    ######.
 Sandblast                Erth           #.....       71%         1    ##.....
 Petrify                  Tmut/Erth      #.......     100%        4    #####..
 Summon Lightning Spire   Summ/Air       #.......     100%        4    #####..
 Summon Guardian Golem    Hex/Summ       #.......     97%         3    ####...


Dungeon Overview and Level Annotations

Branches:
Dungeon (9/15)             Temple (1/1) D:6            Lair (0/6) D:8
    Orc (0/2) D:9

Altars:
Ashenzari
Cheibriados
Dithmenos
Elyvilon
Fedhas
Gozag
Hepliaklqana
Kikubaaqudgha
Makhleb
Nemelex Xobeh
Okawaru
Qazlal
Ru
Sif Muna
Trog
Uskayaw
Vehumet
Wu Jian
Xom
Yredelemnul
Zin
The Shining One

Annotations:
D:9 Erica


Innate Abilities, Weirdness & Mutations

You cannot be hasted, slowed, berserked, paralysed or teleported.
You can dig through walls and to a lower floor.
Your four strong arms can wield two-handed weapons with a shield.
You have a pair of large antennae on your head. (SInv)


Message History

Erica is almost dead.
You block Erica's attack.
You closely miss Erica.
Erica is severely wounded.
The orc priest mumbles some strange prayers to Beogh against you.
Beogh smites you! Erica gestures at you while chanting.
The bolt of poison hits you!
You are poisoned.
* * * LOW HITPOINT WARNING * * *
You feel better.
Erica screams, "Coming here was suicide!
For you!"
Erica hits you with a scimitar of flaming!
* * * LOW HITPOINT WARNING * * *
Erica burns you.
* * * LOW HITPOINT WARNING * * *
The orc priest mumbles some strange prayers to Beogh against you.
Pain shoots through your body!
You die...
Your body rises from the dead as a mindless zombie.

.. .. ##... ...
####..... ....
###....#..
....##.......#
.....#.......#
........@....#
.....(.........#
......#..@.o...#
...............##
#..........)....#
................#
................#.
.......>..........
..........#######.
.......#..#
##.#...#<)#


You could see Erica (invisible) and an orc priest.

Vanquished Creatures
  A komodo dragon (D:8)
  2 hippogriffs
  Eustachio (D:8)
  The ghost of Doobh the Sneak, an amateur KoAs (D:3)
  2 sky beasts
  5 orc warriors
  2 ice beasts
  A black bear (D:6)
  3 ogres
  A centaur (D:6)
  An elf zombie (Ossuary)
  2 big kobolds (D:8)
  3 bullfrogs
  A gnoll sergeant (D:7)
  2 scorpions
  A wight (D:8)
  3 howler monkeys (D:7)
  3 vampire bats (D:6)
  A quasit (D:6)
  5 centaur zombies
  2 crimson imps
  A hound (D:8)
  A jelly (D:8)
  4 orc priests
  A bullfrog skeleton (D:7)
  5 orc wizards (D:8)
  A centaur skeleton (D:4)
  Jessica (D:3)
  4 worker ants
  2 hound zombies
  2 mummies (Ossuary)
  A howler monkey zombie (D:8)
  11 gnolls
  6 adders
  2 shadow imps
  An ooze (D:4)
  3 adder zombies (Ossuary)
  3 adder skeletons
  3 worms
  A dart slug (D:2)
  6 leopard geckos
  22 orcs
  10 bats
  3 bat skeletons (D:6)
  3 bat zombies (D:6)
  4 giant cockroaches
  11 goblins
  3 hobgoblins
  A jackal (D:8)
  6 quokkas
  5 frilled lizards
  9 hobgoblin zombies (Ossuary)
  2 jackal zombies (Ossuary)
  16 kobolds
  11 kobold zombies (Ossuary)
  2 leopard gecko skeletons
  7 orc zombies (Ossuary)
  A quokka zombie (D:8)
  8 rats
  A rat zombie (Ossuary)
227 creatures vanquished.

Vanquished Creatures (others)
  A jackal (D:8)
  3 plants (D:8)
4 creatures vanquished.

Grand Total: 231 creatures vanquished

Notes
Turn   | Place    | Note
-------+----------+-------------------------------------------
     0 | D:1      | zishaf the Formicid Fighter began the quest for the Orb.
     0 | D:1      | Reached XP level 1. HP: 18/18 MP: 1/1
    11 | D:1      | Reached XP level 2. HP: 15/24 MP: 2/2
   263 | D:1      | Reached XP level 3. HP: 28/29 MP: 3/3
   848 | D:2      | Reached skill level 4 in Armour
   913 | D:2      | Found a radiant altar of Vehumet.
   929 | D:2      | Reached XP level 4. HP: 37/37 MP: 4/4
  1118 | D:2      | Reached skill level 5 in Shields
  1118 | D:2      | Reached XP level 5. HP: 32/42 MP: 5/5
  1625 | D:3      | Noticed Jessica
  1630 | D:3      | Killed Jessica
  1656 | D:3      | Found a large runed door.
  1656 | D:3      | Found a large runed door.
  1663 | D:3      | Noticed Doobh's ghost (amateur KoAs)
  1724 | D:3      | Reached skill level 5 in Armour
  1724 | D:3      | Reached XP level 6. HP: 23/48 MP: 6/6
  2174 | D:3      | Found a bloodstained altar of Trog.
  2175 | D:3      | Found an ornate altar of the Wu Jian Council.
  2285 | D:3      | Killed Doobh's ghost
  2497 | D:4      | Noticed an ogre
  2510 | D:4      | Reached XP level 7. HP: 20/55 MP: 7/7
  2515 | D:4      | Reached skill level 6 in Armour
  2664 | D:4      | Found a glowing golden altar of the Shining One.
  2664 | D:4      | Found a shadowy altar of Dithmenos.
  3167 | D:5      | Entered Level 5 of the Dungeon
  3189 | D:5      | Reached skill level 5 in Fighting
  3337 | D:5      | Reached XP level 8. HP: 62/62 MP: 8/8
  3955 | D:6      | Reached skill level 7 in Armour
  3993 | D:6      | Found an iron altar of Okawaru.
  4280 | D:6      | Found a sand-covered staircase.
  4288 | Ossuary  | Entered an ossuary
  4716 | D:6      | Found an ancient bone altar of Kikubaaqudgha.
  4718 | D:6      | Reached skill level 8 in Armour
  4718 | D:6      | Reached XP level 9. HP: 69/69 MP: 9/9
  4894 | D:6      | Found a staircase to the Ecumenical Temple.
  4910 | Temple   | Entered the Ecumenical Temple
  4964 | Temple   | Became a worshipper of Yredelemnul the Dark
  5036 | D:6      | Found a sacrificial altar of Ru.
  5153 | D:6      | Found a deep blue altar of Sif Muna.
  5513 | D:7      | Noticed a hippogriff
  5528 | D:7      | Killed a hippogriff
  5552 | D:7      | Reached skill level 9 in Armour
  5811 | D:8      | Reached * piety under Yredelemnul
  5871 | D:8      | Noticed Eustachio
  5923 | D:8      | Reached skill level 10 in Armour
  6061 | D:8      | Reached XP level 10. HP: 59/80 MP: 10/10
  6240 | D:8      | Found a staircase to the Lair.
  6241 | D:8      | Noticed a komodo dragon
  6291 | D:8      | Reached skill level 1 in Long Blades
  6322 | D:8      | Killed a komodo dragon
  6457 | D:8      | Reached ** piety under Yredelemnul
  6523 | D:8      | Reached skill level 11 in Armour
  6616 | D:8      | Reached skill level 1 in Invocations
  6981 | D:8      | Killed Eustachio
  7085 | D:9      | Found a staircase to the Orcish Mines.
  7125 | D:9      | Noticed Erica
  7145 | D:9      | Killed from afar by an orc priest

Skill      XL: |  1  2  3  4  5  6  7  8  9 10 |
---------------+-------------------------------+-----
Shields        | 4 5 6 7 8 9 |  9.0
Armour         | 4 5 6 8 10 11 | 11.1
Fighting       | 4 5 6 7 8 |  8.4
Long Blades    | 3 |  3.3
Invocations    | 2 |  2.8
Axes           | |  2.0

Action                   |  1- 3 |  4- 6 |  7- 9 | 10-12 || total
-------------------------+-------+-------+-------+-------++-------
Melee: War axe           |    81 |   141 |   568 |    25 ||   815
       Falchion          |       |       |       |   170 ||   170
 Abil: Dig               |       |       |     1 |     1 ||     2
  Use: Potion            |       |     1 |     2 |     3 ||     6
 Stab: Invisible         |       |       |       |     1 ||     1
  Eat: Chunk             |       |     5 |     7 |     4 ||    16
       Ration            |       |       |     2 |       ||     2
Armor: Scale mail        |    50 |    23 |    45 |       ||   118
       Plate armour      |       |    39 |       |       ||    39
       Fire dragon scale |       |       |   234 |    84 ||   318
Dodge: Dodged            |    25 |    35 |   266 |    78 ||   404
Block: Shield            |    40 |    81 |   440 |   129 ||   690
       Rpst.: Falchion   |       |       |       |    20 ||    20
